 Dungeon Sprint DCSS version 0.17-a0-1650-gce8475a (webtiles) character file.

235 Parakulo the Fighter (level 5, -2/63 HPs)
             Began as a Minotaur Fighter on Aug 13, 2015.
             Was a Follower of Makhleb.
             Slain by a wandering mushroom (11 damage)
             ... in the Dungeon (Sprint IV: "Fedhas' Mad Dash").
             The game lasted 00:03:44 (1134 turns).

Parakulo the Fighter (Minotaur Fighter)             Turns: 1134, Time: 00:03:44

Health: -2/63      AC:  6    Str: 20    XL:     5   Next: 76%
Magic:  4/4        EV:  7    Int:  5    God:    Makhleb [*.....]
Gold:   70         SH:  9    Dex: 11    Spells: 0 memorised, 4 levels left

rFire  . . .     SeeInvis .     a - +0 long sword
rCold  . . .     Clarity  .     b - +0 scale mail
rNeg   . . .     SustAt   .     c - +0 shield
rPois  .         Gourm    .     (helmet restricted)
rElec  .         Spirit   .     (no cloak)
rCorr  .         Warding  .     (no gloves)
rMut   .         NoTele   +     (no boots)
MR     .....                    (no amulet)
Stlth  ..........               (no ring)
                                (no ring)

@: not resistant to hostile enchantments, extremely unstealthy
A: retaliatory headbutt, horns 2
a: Renounce Religion


You were in the Dungeon.
You worshipped Makhleb.
Makhleb was aware of your devotion.
You were not hungry.

You visited 1 branch You collected 70 gold pieces.

Inventory:

Hand weapons
 a - a +0 long sword (weapon)
Armour
 b - a +0 scale mail (worn)
 c - a +0 shield (worn)
Jewellery
 j - an uncursed ring of invisibility
Scrolls
 d - a scroll of fog {unknown}
 k - a scroll of blinking
 l - a scroll of remove curse {unknown}
Potions
 f - a potion of curing
 i - 2 potions of magic


   Skills:
 + Level 12.5 Fighting
 + Level 7.4 Long Blades
 - Level 3.6 Armour
 - Level 3.6 Shields
 + Level 1.0 Evocations


You had 4 spell levels left.
You didn't know any spells.

Dungeon Overview and Level Annotations

Branches:
Dungeon (1/1)

Altars:
Cheibriados
Dithmenos
Elyvilon
Gozag
Kikubaaqudgha
Makhleb
Nemelex Xobeh
Okawaru
Qazlal
Ru
Sif Muna
Trog
Vehumet
Xom
Yredelemnul
Zin
The Shining One
Beogh
Jiyva
Lugonu

Shops:
D (*


Innate Abilities, Weirdness & Mutations

You reflexively headbutt those who attack you in melee.
You have a pair of horns on your head.


Message History

The wandering mushroom releases spores at you but does no damage.
You closely miss the scorpion.
The scorpion is almost dead.
The scorpion stings you!
* * * LOW HITPOINT WARNING * * *
The wandering mushroom releases spores at you.
* * * LOW HITPOINT WARNING * * *
You are engulfed in a cloud of spores!
The scorpion stings you but does no damage.
You are too injured to fight recklessly!
You are too injured to fight recklessly!
You are too injured to fight recklessly!
You are too injured to fight recklessly!
Drink which item? (? for menu, Esc to quit)
You feel better. The burning bush throws fire at you.
The puff of flame hits you!
* * * LOW HITPOINT WARNING * * *
The wandering mushroom releases spores at you!
You die...

###################
....⌠.#..)...#.s..#
_._._.'.)#...#.f@P+
._._._#..###'##.?(#
_._._.#..##∩∩.'..f#
....⌠.#############
#######


You could see 2 wandering mushrooms, a burning bush and a scorpion.

Vanquished Creatures
  A scorpion (D)
  3 oklob saplings (D)
  A worker ant (D)
  2 spriggans (D)
  A river rat (D)
  A rat (D)
9 creatures vanquished.

Notes
Turn   | Place    | Note
--------------------------------------------------------------
     0 | D        | Parakulo the Minotaur Fighter began the quest for the Orb.
     0 | D        | Reached XP level 1. HP: 19/19 MP: 0/0
    11 | D        | Reached skill level 5 in Fighting
    11 | D        | Reached XP level 2. HP: 22/30 MP: 1/1
    90 | D        | Noticed an oklob sapling
    92 | D        | Noticed a worker ant
    94 | D        | Killed a worker ant
    94 | D        | Reached skill level 7 in Fighting
    94 | D        | Reached XP level 3. HP: 32/40 MP: 2/2
    97 | D        | Killed an oklob sapling
    97 | D        | Reached skill level 8 in Fighting
   470 | D        | Found a snail-covered altar of Cheibriados.
   470 | D        | Found a glowing silver altar of Zin.
   470 | D        | Found a white marble altar of Elyvilon.
   470 | D        | Found a viscous altar of Jiyva.
   470 | D        | Found a radiant altar of Vehumet.
   470 | D        | Found a deep blue altar of Sif Muna.
   470 | D        | Found an ancient bone altar of Kikubaaqudgha.
   470 | D        | Found a bloodstained altar of Trog.
   470 | D        | Found a corrupted altar of Lugonu.
   470 | D        | Noticed an oklob sapling priest
   471 | D        | Found a burning altar of Makhleb.
   471 | D        | Found a sacrificial altar of Ru.
   472 | D        | Found a glowing golden altar of the Shining One.
   472 | D        | Found a sparkling altar of Nemelex Xobeh.
   473 | D        | Found a shadowy altar of Dithmenos.
   474 | D        | Found an iron altar of Okawaru.
   474 | D        | Found a shimmering altar of Xom.
   475 | D        | Found an opulent altar of Gozag.
   476 | D        | Found a basalt altar of Yredelemnul.
   476 | D        | Found a roughly hewn altar of Beogh.
   489 | D        | Killed an oklob sapling priest
   489 | D        | Reached skill level 10 in Fighting
   489 | D        | Reached skill level 5 in Long Blades
   489 | D        | Reached XP level 4. HP: 14/51 MP: 1/3
   490 | D        | Found a stormy altar of Qazlal.
   493 | D        | Became a worshipper of Makhleb the Destroyer
   679 | D        | Noticed an oklob sapling wizard
   687 | D        | Killed an oklob sapling wizard
   687 | D        | Reached XP level 5. HP: 36/59 MP: 4/4
   805 | D        | Noticed a scorpion
   809 | D        | Killed a scorpion
   809 | D        | Reached skill level 11 in Fighting
   811 | D        | Acquired Makhleb's first power
   811 | D        | Reached skill level 12 in Fighting
   811 | D        | Reached skill level 1 in Evocations
   831 | D        | Found Peymeck's Assorted Antiques.
   831 | D        | Found Diesuzi's Antique Weapon Emporium.
  1126 | D        | Noticed a burning bush
  1126 | D        | Noticed a wandering mushroom
  1127 | D        | Noticed a scorpion
  1127 | D        | Noticed a wandering mushroom
  1134 | D        | Slain by a wandering mushroom

Vault maps used:
D:        dungeon_sprint_fedhas

Action                   |  1- 3 |  4- 6 || total
-------------------------+-------+-------++-------
Melee: Long sword        |    22 |    20 ||    42
 Abil: Evoke Invisibilit |     1 |       ||     1
  Use: Potion            |     3 |     2 ||     5
 Stab: Invisible         |     1 |       ||     1
  Eat: Bread ration      |       |     1 ||     1
